 Dungeon Crawl Stone Soup version 0.18-a0-717-g59c076b (webtiles) character file.

146 Proton the Skirmisher (level 5, 0/49 HPs)
             Began as a Naga Fighter on Dec 8, 2015.
             Slain by a goblin (2 damage)
             ... led by Robin
             ... on level 3 of the Dungeon.
             The game lasted 00:04:57 (2349 turns).

Proton the Skirmisher (Naga Fighter)                Turns: 2349, Time: 00:04:57

Health: 0/49       AC:  6    Str: 20    XL:     5   Next: 28%
Magic:  5/5        EV:  4    Int:  8    God:
Gold:   138        SH: 13    Dex: 10    Spells: 0 memorised, 4 levels left

rFire  + . .     SeeInvis +     a - +0 flail
rCold  . . .     Clarity  .     b - +0 scale mail
rNeg   . . .     SustAt   .     s - +0 large shield
rPois  +         Gourm    .     (no helmet)
rElec  .         Spirit   .     (no cloak)
rCorr  .         Dismiss  .     o - +0 pair of gloves
rMut   .         Stasis   .     (no barding)
MR     .....                    (no amulet)
Stlth  +.........               (no ring)
                                (no ring)

@: lethally poisoned (0 -> -8), very slightly contaminated, invisible, very
slow, not resistant to hostile enchantments, very unstealthy
A: see invisible, deformed body, deterioration 1, fire resistance 1, poison
resistance, slowness 2, slow metabolism 1, spit poison 3, AC +1
a: Breathe Poison Gas


You were on level 3 of the Dungeon.
You were not hungry.

You visited 1 branch of the dungeon, and saw 4 of its levels.

You collected 138 gold pieces.

Inventory:

Hand Weapons
 a - a +0 flail (weapon)
Armour
 b - a +0 scale mail (worn)
 o - a +0 pair of gloves (worn)
 s - a +0 large shield (worn)
Jewellery
 c - an uncursed ring of stealth {unknown}
Scrolls
 f - 5 scrolls of identify {unknown}
 i - 3 scrolls of teleportation {unknown}
 l - a scroll of enchant weapon {unknown}
 r - a scroll of remove curse {unknown}
Potions
 d - a potion of might
 g - a potion of mutation
 j - a potion of lignification {unknown}
 m - a potion of beneficial mutation {unknown}
 n - a potion of cure mutation {unknown}
 p - a potion of poison {unknown}
 q - a potion of invisibility
Comestibles
 e - 3 bread rations
 k - 3 fruits


   Skills:
 + Level 3.4 Fighting
 + Level 2.9 Maces & Flails
 + Level 2.9 Armour
 + Level 1.6 Dodging
 + Level 2.1 Stealth
 + Level 2.9 Shields


You had 4 spell levels left.
You didn't know any spells.

Dungeon Overview and Level Annotations

Branches:
Dungeon (4/15)
 Temple: D:4-7

Altars:
Gozag
Kikubaaqudgha
Nemelex Xobeh
Sif Muna

Shops:
D:3 *


Innate Abilities, Weirdness & Mutations

You cannot wear boots.
Your serpentine skin is tough (AC +1).
You have supernaturally acute eyesight.
Armour fits poorly on your strangely shaped body.
Your system is resistant to poisons.
You cover ground very slowly.
You have a slow metabolism.
You can exhale a cloud of poison.
Your body sometimes deteriorates upon taking damage.
Your flesh is heat resistant.


Message History

* * * LOW HITPOINT WARNING * * *
Drink which item? (? for menu, Esc to quit)
It was a potion of invisibility.
You fade into invisibility!
* * * LOW HITPOINT WARNING * * *
You feel sick. You block the goblin's attack. The goblin hits you.
* * * LOW HITPOINT WARNING * * *
You block the goblin's attack. The goblin barely misses you.
The worker ant bites you.
* * * LOW HITPOINT WARNING * * *
You are very lightly contaminated with residual magic.
Drink which item? (? for menu, Esc to quit)
It was a potion of mutation.
You feel extremely strange.
You feel resistant to heat.
You feel yourself wasting away.
There is a nasty taste in your mouth for a moment.
* * * LOW HITPOINT WARNING * * *
You feel sick. You block the goblin's attack. The goblin completely misses you.
The worker ant bites you but does no damage.
The goblin hits you.
You die...

# #.### ##.....# ###.## #.#
###...## #......# #..# #.#
.......#######....### ##.# ##.#
####.......##..[#.# #.# #..#
##..##......##.# #.###.##
##.#..........# #......#
#............# ##.....†.
###........>g# #........ #
###.......a@g## #........ ###
#.........gg..#### #........ ..##
#)#..............# #........
#..###.#...........##.###........
##.##..#...........##...#........
#....##............###[..#.....#
#.#..##..........#..##..##....##
#.##.##..........##..#..#....##
#.##..†..........###......#.##


You could see a worker ant and 4 goblins.

Vanquished Creatures
  Jessica (D:2)
  Robin (D:4)
  An adder (D:3)
  An ooze (D:2)
  3 giant geckos (D:3)
  9 orcs (D:3)
  11 bats
  2 giant cockroaches (D:2)
  12 goblins
  9 hobgoblins
  8 jackals
  8 kobolds
  4 giant newts
  11 rats
81 creatures vanquished.

Vanquished Creatures (others)
  A human (D:2)
1 creature vanquished.

Grand Total: 82 creatures vanquished

Notes
Turn   | Place    | Note
--------------------------------------------------------------
     0 | D:1      | Proton the Naga Fighter began the quest for the Orb.
     0 | D:1      | Reached XP level 1. HP: 21/21 MP: 1/1
    81 | D:1      | Found a sparkling altar of Nemelex Xobeh.
   310 | D:1      | Reached XP level 2. HP: 28/28 MP: 2/2
   827 | D:2      | Reached XP level 3. HP: 34/34 MP: 3/3
   902 | D:2      | Reached skill level 1 in Stealth
   934 | D:2      | Found an ancient bone altar of Kikubaaqudgha.
   934 | D:2      | Noticed a human
   944 | D:2      | Killed a human
  1184 | D:2      | Reached skill level 1 in Dodging
  1226 | D:2      | Noticed Jessica
  1234 | D:2      | Killed Jessica
  1234 | D:2      | Reached XP level 4. HP: 34/42 MP: 4/4
  1449 | D:2      | Found a deep blue altar of Sif Muna.
  1738 | D:3      | Reached XP level 5. HP: 32/49 MP: 5/5
  2167 | D:3      | Found an opulent altar of Gozag.
  2169 | D:3      | Found Gozag's Platinum Reserve.
  2329 | D:4      | Noticed Robin
  2336 | D:4      | Killed Robin
  2349 | D:3      | Gained mutation: Your flesh is heat resistant. [potion of mutation]
  2349 | D:3      | Gained mutation: Your body sometimes deteriorates upon taking damage. [potion of mutation]
  2349 | D:3      | Gained mutation: You can exhale a cloud of poison. [potion of mutation]
  2349 | D:3      | HP: 2/49 [poisoned by a worker ant]
  2349 | D:3      | Slain by a goblin

Vault maps used:
D:1:      shiori_arrival_maze, hangedman_decor_lopped, minmay_misc_feat_tower,
          nemelex_xobeh_ov_fountains_minmay
D:2:      lemuel_blue_sif_altar, tgw_kikubaaqudgha, uniq_jessica
D:3:      nicolae_gozag_zags_fifth_avenue
D:4:      lemuel_coloured_pillars_altar, lemuel_crystal_altar, serial_shops,
          shop, uniq_robin

Action                   |  1- 3 |  4- 6 || total
-------------------------+-------+-------++-------
Melee: Flail             |   104 |   177 ||   281
 Abil: Spit Poison       |       |     3 ||     3
  Use: Potion            |       |     2 ||     2
  Eat: Fruit             |       |     2 ||     2
       Pizza             |       |     1 ||     1
       Meat ration       |       |     1 ||     1
